 Dungeon Crawl Stone Soup version 0.29-a0-72-g1732ff48e7 (webtiles) character file.

Game seed: 6301450072704682917

833 fragbeetle the Distorting Palentonga (level 7, -4/58 HPs)
             Began as a Palentonga Abyssal Knight on Feb 3, 2022.
             Was a Believer of Lugonu.
             Slain by an ogre (8 damage)
             ... on level 5 of the Dungeon.
             The game lasted 00:07:43 (4111 turns).

fragbeetle the Distorting Palentonga (PaAK)         Turns: 4111, Time: 00:07:44

Health: -4/58      AC: 14    Str: 23    XL:     7   Next: 65%
Magic:  11/11      EV:  9    Int: 11    God:    Lugonu [**....]
Gold:   123        SH:  0    Dex: 10    Spells: 3/6 levels left

rFire   . . .      SeeInvis +   u - +5 dagger of Extinguishment {vamp, Drain rElec rPois Str+5}
rCold   . . .      Faith    .   (no shield)
rNeg    . . .      Spirit   .   b - +0 leather armour
rPois   +          Reflect  .   m - +0 helmet
rElec   +          Harm     .   (no cloak)
rCorr   .          Rampage  .   e - +0 pair of gloves
Will    .....                   (no barding)
Stlth   +.........              (no amulet)
HPRegen 0.19/turn               (no ring)
MPRegen 0.12/turn               (no ring)

@: curled up
A: large, rugged brown scales 3, see invisible, deformed body, roll 1, armoured
tail, reflexive curl
a: Rolling Charge, Renounce Religion, Depart the Abyss, Bend Space


You were on level 5 of the Dungeon.
You worshipped Lugonu.
Lugonu was pleased with you.
You visited 1 branch of the dungeon, and saw 5 of its levels.
You visited the Abyss 1 time.

You collected 123 gold pieces.

Inventory:

Hand Weapons
 a - a +1 falchion
 u - the +5 dagger of Extinguishment (weapon) {vamp, Drain rElec rPois Str+5}
   (You found it on level 5 of the Dungeon)

   It occasionally heals its wielder for a portion of the damage dealt when it
   wounds a living foe.
   Str:       It affects your strength (+5).
   rElec:     It insulates you from electricity.
   rPois:     It protects you from poison.
   Drain:     It drains your maximum health when unequipped.
Missiles
 p - 21 bolts
Armour
 b - a +0 leather armour (worn)
 e - a +0 pair of gloves (worn)
 j - a +0 chain mail
 m - a +0 helmet (worn)
Wands
 v - a wand of flame (14)
Scrolls
 c - 2 scrolls of identify {unknown}
 f - a scroll of teleportation {unknown}
 h - a scroll of immolation {unknown}
 i - a scroll of vulnerability {unknown}
 k - 2 scrolls of fog {unknown}
 l - 2 scrolls of enchant weapon {unknown}
 n - a scroll of brand weapon {unknown}
 o - a scroll of enchant armour {unknown}
 q - 2 scrolls of noise {unknown}
 t - a scroll of acquirement {unknown}
 x - a scroll of blinking {unknown}
Potions
 d - 3 potions of curing {unknown}
 g - 2 potions of berserk rage {unknown}
 r - a potion of invisibility {unknown}
 s - a potion of haste {unknown}
 w - a potion of heal wounds {unknown}


   Skills:
 + Level 4.4 Fighting
 * Level 0.3(3.1) Short Blades
 - Level 5.0 Long Blades
 + Level 3.1 Armour
 - Level 1.0 Dodging
 * Level 2.0 Hexes
 * Level 5.5 Invocations


You had 3 spell levels left.
You knew the following spells:

 Your Spells              Type           Power      Damage    Failure   Level
a - Confusing Touch       Hex            4%         N/A       47%         3

Your spell library contained the following spells:

 Spells                   Type           Power      Damage    Failure   Level
 Inner Flame              Hex/Fire       2%         N/A       63%         3
 Cause Fear               Hex            2%         N/A       87%         4
 Yara's Violent Unravell  Hex/Tmut       1%         3d3       100%        5
 Enfeeble                 Hex            2%         N/A       100%        7
 Discord                  Hex            2%         N/A       100%        8


Dungeon Overview and Level Annotations

Branches:
Dungeon (5/15)
 Temple: D:4-7

Altars:

Shops:
D:3 [


Innate Abilities, Weirdness & Mutations

You are completely covered in rugged brown scales. (AC +3, +7% HP)
You have supernaturally acute eyesight. (SInv)
Armour fits poorly on your strangely shaped body.
You can roll at nearby foes to attack.
You have a long armoured tail.
You curl defensively after being hit. (AC +7*)


Message History

You hit the phantom but do no damage.
The phantom is severely damaged.
The jackal bites you but does no damage.
The ogre barely misses you. The phantom closely misses you.
The jackal bites you but does no damage.
The jackal bites you.
You hit the ogre.
You feel better.
The ogre is lightly wounded.
The dart slug bites you but does no damage.
The jackal closely misses you. The phantom closely misses you.
The jackal closely misses you.
You hit the ogre.
The ogre is moderately wounded.
The ogre hits you with a +0 giant club!!
The jackal bites you but does no damage. x2
The dart slug bites you but does no damage.
You hit the ogre. You tail-slap the ogre.
The ogre is heavily wounded.
The phantom hits you.
The jackal bites you but does no damage. x2
The ogre closely misses you.
You hit the ogre but do no damage.
The ogre is heavily wounded.
The jackal closely misses you. x2
The phantom hits you but does no damage.
The dart slug launches a dart at you. The slug dart hits you.
You hit the ogre but do no damage.
The ogre is heavily wounded.
The jackal bites you but does no damage.
The jackal barely misses you. The ogre hits you with a +0 giant club!
* * * LOW HITPOINT WARNING * * *
The phantom hits you but does no damage.
You hit the ogre. You tail-slap the ogre.
The ogre is severely wounded.
The jackal barely misses you. The jackal bites you.
* * * LOW HITPOINT WARNING * * *
The dart slug barely misses you. The phantom misses you.
The ogre hits you with a +0 giant club!
You die...

##### ###.).# ..
..#...##### ### 8
#.......... $. .#
###...(###
#.####.####
##....##
..........
......#
#.........
..#...#
#..O......
.##...#
#h@.......
####### .#
#hwW...... # ##.#
#......... # #..
.......... ###
#.# ###.####.####
##..##.####...#
.#
........##.ยง.###
# .# #.).##.###
## #......#


You could see a phantom, an ogre, a dart slug and 2 jackals.

Vanquished Creatures
  Menkaure (D:4)
  An ice beast (D:5)
  An ogre (D:4)
  A necrophage (D:5)
  2 scorpions (D:5)
  A centaur zombie (D:5)
  4 hounds
  An iguana (D:5)
  A gnoll (D:1)
  6 adders
  A shadow imp (D:5)
  An adder skeleton (D:4)
  2 worms
  A dart slug (D:1)
  An orc (D:5)
  7 ball pythons
  2 bats
  12 endoplasms
  2 giant cockroaches
  8 hobgoblins
  4 jackals (D:4)
  4 quokkas
  2 frilled lizards
  8 goblins
  2 kobolds
  6 rats
82 creatures vanquished.

Vanquished Creatures (others)
  An orc priest (D:5)
  An orc wizard (D:5)
  2 orcs (D:5)
  A frilled lizard (D:1)
5 creatures vanquished.

Grand Total: 87 creatures vanquished

Notes
Turn   | Place    | Note
-------+----------+-------------------------------------------
     0 | Abyss:1  | fragbeetle the Palentonga Abyssal Knight began the quest
                  | for the Orb.
     0 | Abyss:1  | Reached XP level 1. HP: 19/19 MP: 2/2
     7 | D:1      | Escaped the Abyss
   254 | D:1      | Reached XP level 2. HP: 24/25 MP: 3/3
   280 | D:1      | Reached skill level 1 in Dodging
   438 | D:1      | Reached XP level 3. HP: 21/31 MP: 3/5
   571 | D:1      | Reached ** piety under Lugonu
   818 | D:2      | Noticed a scorpion
   968 | D:2      | Found a faded altar of an unknown god.
  1250 | D:3      | Found Qav Huih's Armour Shoppe.
  1606 | D:3      | Reached XP level 4. HP: 24/37 MP: 6/6
  2355 | D:4      | Reached XP level 5. HP: 29/43 MP: 7/7
  2685 | D:4      | Noticed Menkaure
  2696 | D:4      | Killed Menkaure
  2697 | D:4      | Reached XP level 6. HP: 51/51 MP: 7/9
  3289 | D:5      | Entered Level 5 of the Dungeon
  3382 | D:5      | Learned a level 3 spell: Confusing Touch
  3400 | D:5      | Reached skill level 5 in Invocations
  3400 | D:5      | Gained mutation: You curl defensively after being hit. (AC
                  | +7*) [Palentonga growth]
  3400 | D:5      | Reached XP level 7. HP: 37/57 MP: 10/10
  3520 | D:5      | Identified the +5 dagger of Extinguishment {vamp, Drain
                  | rElec rPois Str+5}
  3632 | D:5      | Reached skill level 1 in Hexes
  3835 | D:5      | Reached skill level 5 in Long Blades
  4111 | D:5      | Slain by an ogre

Illustrated notes

Levels and vault maps discovered:
D:1:      mrwooster_arrival_statue_3, layout_rooms
D:2:      layout_rooms, basic_ecumenical_altar
D:3:      layout_basic, serial_shops, nicolae_shop_stone, minivault_24,
          serial_bayou_ford_a, grunt_ministairs_1, kennysheep_generic_room_5
D:4:      layout_cave_pods, kennysheep_decorative_pillar, minmay_misc_feat_tiny,
          uniq_menkaure
D:5:      layout_rooms, lemuel_temple_firewalk_b,
          hangedman_abyss_or_decor_stagger, kennysheep_small_spiral

Skill      XL: |  1  2  3  4  5  6  7 |
---------------+----------------------+-----
Dodging        | 1 |  1.0
Armour         | 2 3 |  3.1
Invocations    | 3 4 5 |  5.5
Long Blades    | 3 4 5 |  5.0
Fighting       | 4 |  4.4
Hexes          | 2 |  2.0
Short Blades   | |  0.3

Action                   |  1- 3 |  4- 6 |  7- 9 || total
-------------------------+-------+-------+-------++-------
Melee: Falchion          |    90 |   123 |       ||   213
       Tailslap          |    13 |    13 |    12 ||    38
       Punch             |     1 |       |     1 ||     2
       Dagger            |       |       |    71 ||    71
 Abil: Rolling Charge    |     9 |     6 |     4 ||    19
Armor: Leather armour    |    21 |    65 |    36 ||   122
Dodge: Dodged            |    44 |    65 |    39 ||   148

Table legend: (Time is in decaauts)
 A = Elapsed time spent in this place.
 B = Non-inter-level travel time spent in this place.
 C = Inter-level travel time spent in this place.
 D = Time resting spent in this place.
 E = Time spent auto-exploring this place.
 F = Levels seen in this place.
 G = Mean time per level.
                   A        B        C        D        E       F      G
               +--------+--------+--------+--------+--------+-----+--------+
         Total |   4153 |   4056 |     97 |    228 |   3095 |   6 |  692.2 |
       Dungeon |   4146 |   4049 |     97 |    228 |   3095 |   5 |  829.2 |
         Abyss |      7 |      7 |      0 |      0 |      0 |   1 |    7.0 |
               +--------+--------+--------+--------+--------+-----+--------+

Top non-repeatable levels by time:
     D:3: 1309 daAuts
     D:4: 993 daAuts
     D:1: 842 daAuts
     D:5: 814 daAuts
     D:2: 186 daAuts
 Abyss:1: 7 daAuts
